AoeStats
← zephyrutia

African Clearing

506579127Analyzed
3v3 RM · 19d ago on Sep 14, 2026· 55m 45s· 6 players
Game mode
Random Map
Map size
Normal (6 player)
Population
200
Speed
Normal
Resources
Standard
Victory
Conquest
Starting age
Dark Age
Ending age
Imperial Age
RankedLock teamsTeams togetherTeam positionsShared explorationLock speedFull tech treeHidden civsTurbo modeCheats
Victory
Defeat
🇲🇽 Dravidians · Mexico
995
+9
🇲🇽 Burgundians · Mexico
980
+10
🇨🇱 Chinese · Chile
937
+12
🇳🇵 Aztecs · Nepal
851
-32
🇳🇵 Burmese · Nepal
839
-27
🇺🇸 Teutons · United States
834
-15
zephyrutia
8:59 Loom
16:10 Feudal Age
22:57 Castle Age
22:37 Bloodlines
22:30 Scale Mail Armor
22:44 Scale Barding Armor
24:03 Chain Barding Armor
25:10 Town Watch
25:53 Forging
35:56 Pikeman
41:07 Scale Mail Armor
51:37 Imperial Age
51:21 Squires
51:59 Chain Mail Armor
54:19 Halberdier
Blast
6:31 Loom
14:29 Feudal Age
20:19 Castle Age
20:18 Forging
21:50 Iron Casting
22:46 Eagle Warrior
28:03 Pikeman
30:16 Squires
31:20 Scale Mail Armor
33:41 Gambesons
34:16 Chain Mail Armor
38:49 Double-Bit Axe
43:40 Crossbowman
Magikarp
19:01 Feudal Age
21:37 Loom
27:02 Castle Age
28:02 Pikeman
28:43 Squires
Susheiro
8:47 Loom
13:52 Feudal Age
19:28 Castle Age
17:23 Double-Bit Axe
17:19 Horse Collar
23:07 Gold Mining
27:03 Imperial Age
26:15 Bow Saw
26:31 Squires
28:26 Arson
29:49 Conscription
30:21 Scale Mail Armor
31:30 Chain Mail Armor
32:03 Forging
32:41 Plate Mail Armor
33:52 Wheelbarrow
35:06 Wootz Steel
36:19 Forging
36:29 Elite Urumi Swordsman
38:13 Iron Casting
40:03 Blast Furnace
39:38 Hand Cart
39:08 Town Watch
45:07 Devotion
46:09 Heavy Plow
46:01 Stone Mining
46:03 Fletching
47:19 Bodkin Arrow
47:47 Ballistics
48:11 Bracer
48:51 Masonry
48:36 Murder Holes
51:03 Hoardings
51:33 Chemistry
53:46 Two-Man Saw
52:57 Pikeman
54:38 Town Patrol
BP Charly
11:12 Loom
13:28 Feudal Age
27:14 Castle Age
25:46 Forging
25:42 Scale Barding Armor
28:00 Double-Bit Axe
27:39 Cavalier
28:20 Husbandry
30:11 Gold Mining
34:11 Gold Shaft Mining
42:57 Bow Saw
44:35 Iron Casting
44:20 Chain Barding Armor
45:02 Burgundian Vineyards
45:47 Stone Mining
47:14 Wheelbarrow
46:25 Town Watch
50:11 Imperial Age
48:48 Fishing Lines
48:41 Elite Skirmisher
49:39 Fletching
49:49 Padded Archer Armor
52:45 Chemistry
52:06 Ballistics
51:10 Paladin
52:53 Blast Furnace
52:28 Plate Barding Armor
52:10 Leather Archer Armor
51:33 Capped Ram
53:37 Bodkin Arrow
54:06 Bodkin Arrow
ELEG TIRANO
3:47 Loom
15:11 Feudal Age
19:55 Stone Mining
23:10 Castle Age
22:57 Forging
23:32 Scale Barding Armor
24:19 Husbandry
25:48 Double-Bit Axe
26:42 Bloodlines
27:03 Horse Collar
29:43 Chain Barding Armor
29:35 Heavy Plow
30:01 Bow Saw
31:53 Iron Casting
48:40 Wheelbarrow
47:51 Town Watch
52:22 Imperial Age
50:08 Hand Cart
49:53 Town Patrol
52:58 Cavalier
54:40 Blast Furnace
54:16 Plate Barding Armor
55:30 Fletching
55:41 Padded Archer Armor
56:18 Conscription
56:25 Rocketry
Connection lost

Rejoining the realm…

Still unreachable

The connection could not be restored.

Session expired

The server has moved on; the page needs a fresh start.